 Dungeon Crawl Stone Soup version 0.29-a0-22-gbf593b16ee (webtiles) character file.

Game seed: 2567092518320954038

5 oldriver the Sneak (level 1, -3/11 HPs)
             Began as a Vampire Enchanter on Jan 30, 2022.
             Slain by a gnoll (6 damage)
             ... on level 1 of the Dungeon.
             The game lasted 00:01:23 (402 turns).

oldriver the Sneak (Vampire Enchanter)               Turns: 402, Time: 00:01:23

Health: -3/11      AC:  2    Str:  7    XL:     1   Next: 66%
Magic:  3/3        EV: 12    Int: 17    God:
Gold:   16         SH:  0    Dex: 14    Spells: 4/4 levels left

rFire   . . .      SeeInvis +   a - +1 dagger
rCold   . . .      Faith    .   (no shield)
rNeg    . . .      Spirit   .   b - +0 robe
rPois   .          Reflect  .   (no helmet)
rElec   .          Harm     .   (no cloak)
rCorr   .          Rampage  .   (no gloves)
Will    .....                   (no boots)
Stlth   +++.......              (no amulet)
HPRegen 0.23/turn               (no ring)
MPRegen 0.08/turn               (no ring)

@: healing quickly
A: alive, fangs 3, see invisible, vampiric 1, [frail 1]
a: Exsanguinate


You were on level 1 of the Dungeon.
You visited 1 branch of the dungeon, and saw 1 of its levels.

You collected 16 gold pieces.

Inventory:

Hand Weapons
 a - a +1 dagger (weapon)
Armour
 b - a +0 robe (worn)
Scrolls
 e - a scroll of immolation {unknown}
 f - a scroll of teleportation {unknown}
 g - a scroll of fog {unknown}
Potions
 c - a potion of invisibility
 d - a potion of degeneration {unknown}
 h - a potion of lignification {unknown}


   Skills:
 + Level 1.2 Short Blades
 - Level 2.1 Dodging
 * Level 4.7 Stealth
 + Level 2.0 Spellcasting
 + Level 4.5 Hexes


You had 4 spell levels left.
You didn't know any spells.
Your spell library contained the following spells:

 Spells                   Type           Power      Damage    Failure   Level
 Confusing Touch          Hex            17%        N/A       9%          3
 Tukima's Dance           Hex            17%        N/A       9%          3
 Ensorcelled Hibernation  Hex/Ice        18%        N/A       12%         2
 Dazzling Flash           Conj/Hex       18%        N/A       22%         3


Dungeon Overview and Level Annotations

Branches:
Dungeon (1/15)

Altars:


Innate Abilities, Weirdness & Mutations

Your natural rate of healing is accelerated.
You have razor-sharp teeth.
You have supernaturally acute eyesight. (SInv)
You are afflicted with vampirism.
[You are frail. (-10% HP)]


Message History

Okay, then.
There is an open door here.
You begin the revivification ritual.
You continue your ritual. x5
You return to life.
You feel frail.
Unknown command.
There is an open door here.
You open the door.
There is an open door here.
There is an open door here.
You open the door.
There is an open door here.
A bat comes into view.
A bat is nearby!
A bat is nearby!
A bat is nearby!
A bat is nearby!
The helpless bat fails to defend itself.
You impale the bat!!
You kill the bat!
No target in view!
A gnoll comes into view. It is wielding a +0 whip.
A gnoll is nearby!
A gnoll is nearby!
A gnoll is nearby!
A gnoll is nearby!
You hit the gnoll. You punch the gnoll. You bite the gnoll.
The gnoll is heavily wounded.
The gnoll hits you with a +0 whip!
Ouch! That really hurt!
* * * LOW HITPOINT WARNING * * *
You are too injured to fight recklessly!
You barely miss the gnoll. You bite the gnoll.
The gnoll is severely wounded.
The gnoll closely misses you.
You closely miss the gnoll.
The gnoll is severely wounded.
The gnoll hits you with a +0 whip.
Ouch! That really hurt!
You die...

# #. ... ##.# #.#
...# #.# #### # #..
#.# ... ###.###g#
#.###.# .......@#
#.##.# #.#.##..#
.....# #..# .....##
#..# #.#
.####.###.# #..##
#.#
.........######...#
#.#
#####.#.###.......#
####.# #.# #.#.#
#.###...# #.....
#.# #.#.# #.# #.###
#.##.# #.#


You could see a gnoll.

Vanquished Creatures
  2 endoplasms (D:1)
  2 ball pythons (D:1)
  A bat (D:1)
  A rat (D:1)
6 creatures vanquished.

Notes
Turn   | Place    | Note
-------+----------+-------------------------------------------
     0 | D:1      | oldriver the Vampire Enchanter began the quest for the Orb.
     0 | D:1      | Reached XP level 1. HP: 13/13 MP: 3/3
   402 | D:1      | Slain by a gnoll

Illustrated notes

Levels and vault maps discovered:
D:1:      dpeg_arrival_radiant, layout_loops_ring,
          ebering_ecumenical_altar_hall, serial_bayou_pond_a

Action                   || total
-------------------------++-------
Melee: Dagger            ||    12
       Punch             ||     3
       Bite              ||     3
 Abil: Exsanguinate      ||     1
       Revivify          ||     1
 Stab: Sleeping          ||     2
Armor: Robe              ||     1
Dodge: Dodged            ||     4

Table legend: (Time is in decaauts)
 A = Elapsed time spent in this place.
 B = Non-inter-level travel time spent in this place.
 C = Inter-level travel time spent in this place.
 D = Time resting spent in this place.
 E = Time spent auto-exploring this place.
 F = Levels seen in this place.
 G = Mean time per level.
                   A        B        C        D        E       F      G
               +--------+--------+--------+--------+--------+-----+--------+
         Total |    401 |    401 |      0 |    118 |    200 |   1 |  401.0 |
       Dungeon |    401 |    401 |      0 |    118 |    200 |   1 |  401.0 |
               +--------+--------+--------+--------+--------+-----+--------+

Top non-repeatable levels by time:
     D:1: 401 daAuts
